 Dungeon Crawl Stone Soup version 0.21.1-1-g345015fe64 (webtiles) character file.

60 Destragon the Shield-Bearer (level 3, -5/49 HPs)
             Began as a Minotaur Fighter on July 17, 2018.
             Slain by an ice beast (14 damage)
             ... on level 2 of the Dungeon.
             The game lasted 00:07:06 (1910 turns).

Destragon the Shield-Bearer (Minotaur Fighter)      Turns: 1910, Time: 00:07:07

Health: -5/49      AC:  8    Str: 26    XL:     3   Next: 80%
Magic:  2/2        EV:  8    Int:  5    God:
Gold:   62         SH: 10    Dex:  9    Spells: 2/2 levels left

rFire    . . .     SeeInvis .   a - +0 flail
rCold    . . .     Gourm    .   c - +0 shield
rNeg     . . .     Faith    .   b - +0 scale mail
rPois    .         Spirit   .   (helmet restricted)
rElec    .         Reflect  .   (no cloak)
rCorr    .         Harm     .   n - +0 pair of gloves
MR       .....                  (no boots)
Stlth    ..........             (no amulet)
HPRegen  0.16/turn              (no ring)
MPRegen  0.08/turn              (no ring)

@: berserking, very quick
A: retaliatory headbutt, horns 2
a: no special abilities


You were on level 2 of the Dungeon.
You were not hungry.

You visited 1 branch of the dungeon, and saw 2 of its levels.

You collected 62 gold pieces.

Inventory:

Hand Weapons
 a - a +0 flail (weapon)
Armour
 b - a +0 scale mail (worn)
 c - a +0 shield (worn)
 n - a +0 pair of gloves (worn)
Jewellery
 g - an uncursed ring of poison resistance {unknown}
Wands
 k - a wand of polymorph (12)
Scrolls
 e - a scroll of identify
 i - a scroll of enchant armour {unknown}
Potions
 d - a potion of might
 h - a potion of berserk rage
 j - a potion of degeneration {unknown}
 l - a potion of curing {unknown}
 o - a potion of flight {unknown}
Comestibles
 f - 2 rations


   Skills:
 + Level 3.9 Fighting
 + Level 3.0 Maces & Flails
 + Level 4.3 Armour
 + Level 0.9 Dodging
 + Level 0.1 Stealth
 + Level 4.4 Shields


You had 2 spell levels left.
You didn't know any spells.

Dungeon Overview and Level Annotations

Branches:
Dungeon (2/15)

Altars:


Innate Abilities, Weirdness & Mutations

You reflexively headbutt those who attack you in melee.
You have a pair of horns on your head.


Message History

There is a stone staircase leading up here.
As you read the scroll labeled PUL FEMIAPLE, it crumbles to dust.
It is a scroll of identify.
h - 2 potions of berserk rage The ice beast hits you.
The ice beast freezes you!
* * * LOW HITPOINT WARNING * * *
Unknown command.
There is a stone staircase leading up here.
You block the ice beast's attack.
There is a stone staircase leading up here.
There is a stone staircase leading up here.
A red film seems to cover your vision as you go berserk!
You feel yourself moving faster!
You feel mighty!
You closely miss the ice beast. You block the ice beast's attack.
You barely miss the ice beast. You block the ice beast's attack.
You completely miss the ice beast. Your headbutt misses the ice beast.
The ice beast hits you.
* * * LOW HITPOINT WARNING * * *
The ice beast freezes you!
You die...

......#######.###.# #...# .######
#.....# #...# ..########
##.....## #...# ..##.....#
#.......######...#####
..)......###...........)(........
...........#..........)..........
.........#.#....<................
..##.....#.#..#.#Y.######...#####
..########.#....@..# #...# #
####.......##.#.#.## #...# # #
#.#####......#.# #...#####
####.#####.##.....#### #........
##...................# #........
##.#.#...#.###.#####.# #........
##.#.....#.# #.#####(####........
...........# #.##.......#........
##.#####.### #.##.##.##..........


You could see an ice beast.

Vanquished Creatures
  An adder (D:2)
  A dart slug (D:2)
  5 leopard geckos
  6 bats
  A giant cockroach (D:1)
  4 goblins
  8 hobgoblins
  4 kobolds (D:1)
  5 frilled lizards
  7 rats
42 creatures vanquished.

Notes
Turn   | Place    | Note
-------+----------+-------------------------------------------
     0 | D:1      | Destragon the Minotaur Fighter began the quest for the Orb.
     0 | D:1      | Reached XP level 1. HP: 19/19 MP: 0/0
   145 | D:1      | HP: 1/20 [hobgoblin/club (3)]
   531 | D:1      | Reached XP level 2. HP: 27/27 MP: 1/1
  1006 | D:1      | Reached XP level 3. HP: 33/33 MP: 2/2
  1782 | D:2      | Noticed an ice beast
  1910 | D:2      | Slain by an ice beast

Skill      XL: |  1  2  3 |
---------------+----------+-----
Armour         | 4 |  4.3
Shields        | 4 |  4.4
Maces & Flails | 3 |  3.0
Fighting       | |  3.9
Dodging        | |  0.9
Stealth        | |  0.1

Action                   || total
-------------------------++-------
Melee: Flail             ||   114
       Headbutt          ||    16
  Use: Scroll            ||     1
       Potion            ||     1
  Eat: Chunk             ||     3
Armor: Scale mail        ||    46
Dodge: Dodged            ||    28
Block: Shield            ||    79
